AoeStats
← Drfrondizi

Oasis

507627374Analyzed
4v4 RM · 12d ago on Sep 19, 2026· 20m 16s· 8 players
Game mode
Random Map
Map size
Large (8 player)
Population
200
Speed
Normal
Resources
Standard
Victory
Conquest
Starting age
Dark Age
Ending age
Imperial Age
RankedLock teamsTeams togetherTeam positionsShared explorationLock speedFull tech treeHidden civsTurbo modeCheats
Victory
Defeat
🇦🇷 Hindustanis · Argentina
1112
+15
🇦🇷 Khmer · Argentina
1063
+17
🇦🇷 Saracens · Argentina
1054
+19
🇦🇷 Cumans · Argentina
1040
+19
🇺🇸 Khmer · United States
1112
-18
🇪🇨 Teutons · Ecuador
1105
-18
🇪🇨 Malay · Ecuador
1084
-17
🇺🇸 Persians · United States
1077
-17
slimsadie1831
8:37 Loom
12:36 Feudal Age
14:03 Double-Bit Axe
16:55 Castle Age
15:35 Horse Collar
Al3tas0
11:19 Feudal Age
KesarKeri
4:26 Loom
5:13 Loom
11:30 Feudal Age
14:26 Wheelbarrow
14:15 Double-Bit Axe
19:09 Castle Age
19:29 Bloodlines
GIORK
7:13 Loom
10:09 Feudal Age
11:54 Double-Bit Axe
13:20 Gold Mining
17:36 Castle Age
15:32 Horse Collar
18:35 Bow Saw
18:28 Heavy Plow
agustinolivares7
3:04 Loom
10:31 Feudal Age
17:00 Castle Age
15:57 Double-Bit Axe
17:07 Bloodlines
19:09 Husbandry
capitan sapito
1:03 Loom
10:43 Feudal Age
11:32 Double-Bit Axe
18:29 Castle Age
17:14 Stone Mining
18:37 Horse Collar
18:50 Gold Mining
NACHO P
8:15 Loom
10:46 Feudal Age
12:04 Double-Bit Axe
Drfrondizi
8:12 Loom
11:21 Feudal Age
16:58 Castle Age
14:59 Stone Mining
15:45 Horse Collar
17:02 Double-Bit Axe
Connection lost

Rejoining the realm…

Still unreachable

The connection could not be restored.

Session expired

The server has moved on; the page needs a fresh start.